 Dungeon Crawl Stone Soup version 0.21.1-1-g345015f (webtiles) character file.

51 Supreme the Digger (level 3, -2/19 HPs)
             Began as a Gargoyle Earth Elementalist on Apr 16, 2018.
             Shot with an arrow by a centaur (6 damage)
             ... on level 2 of the Dungeon.
             The game lasted 00:07:54 (772 turns).

Supreme the Digger (Gargoyle Earth Elementalist)     Turns: 772, Time: 00:07:55

Health: -2/19      AC:  5    Str: 11    XL:     3   Next: 83%
Magic:  7/7        EV: 12    Int: 16    God:
Gold:   103        SH:  0    Dex: 10    Spells: 1/7 levels left

rFire    . . .     SeeInvis .   h - +0 dagger
rCold    . . .     Gourm    .   (no shield)
rNeg     + . .     Faith    .   c - +0 robe
rPois    ∞         Spirit   .   (no helmet)
rElec    +         Reflect  .   (no cloak)
rCorr    .         Harm     .   (no gloves)
MR       .....                  (no boots)
Stlth    ++........             (no amulet)
HPRegen  0.06/turn              (no ring)
MPRegen  0.10/turn              (no ring)

@: no status effects
A: negative energy resistance 1, electricity resistance, unbreathing,
petrification resistance, rot immunity, AC +3
a: no special abilities


You were on level 2 of the Dungeon.
You were not hungry.

You visited 1 branch of the dungeon, and saw 2 of its levels.

You collected 103 gold pieces.

Inventory:

Hand Weapons
 h - a +0 dagger (weapon)
 l - a +0 spear
Missiles
 b - 41 stones (quivered)
 n - 14 arrows
Armour
 c - a +0 robe (worn)
Scrolls
 a - a scroll of identify {unknown}
 f - a scroll of enchant weapon {unknown}
 g - a scroll of amnesia {unknown}
 m - a scroll of teleportation {unknown}
Potions
 j - 2 potions of heal wounds {unknown}
 k - a potion of curing {unknown}
 o - a potion of might {unknown}
 p - a potion of berserk rage {unknown}
Books
 e - a book of Geomancy

   Spells                             Type                      Level
   a - Sandblast                      Earth                        1
   b - Passwall                       Transmutation/Earth          2
   c - Stone Arrow                    Conjuration/Earth            3
   d - Petrify                        Transmutation/Earth          4
   e - Lee's Rapid Deconstruction     Earth                        5
Comestibles
 d - 2 rations
 i - 6 chunks of flesh


   Skills:
 + Level 1.7 Dodging
 + Level 2.6 Stealth
 + Level 2.7 Spellcasting
 + Level 0.7 Transmutations
 * Level 4.6 Earth Magic


You had one spell level left.
You knew the following spells:

 Your Spells              Type           Power        Failure   Level  Hunger
a - Sandblast             Erth           ###...       2%          1    #......
b - Passwall              Tmut/Erth      ##........   10%         2    ##.....
c - Stone Arrow           Conj/Erth      #.....       22%         3    ###....


Dungeon Overview and Level Annotations

Branches:
Dungeon (2/15)

Altars:


Innate Abilities, Weirdness & Mutations

You are resistant to torment.
Your stone body is resilient. (AC +3)
You are immune to poison.
You resist negative energy. (rN+)
You are resistant to electric shocks. (rElec)
You can survive without breathing.
You are immune to petrification.
You are immune to rotting.


Message History

You see here a bat corpse.
You butcher the bat corpse.
i - 6 chunks of flesh (gained 1)
Casting: Sandblast
Confirm with . or Enter, or press ? or * to list all spells.
Okay, then.
p - a fizzy red potion A centaur comes into view.
The centaur shouts!
Found a war axe.
The centaur wields a shortbow.
The centaur shoots an arrow.
The arrow hits you!
* * * LOW HITPOINT WARNING * * *
Found an escape hatch in the floor.
You see here an arrow.
The centaur shoots an arrow.
The arrow closely misses you.
The centaur shoots an arrow.
The arrow hits you.
* * * LOW HITPOINT WARNING * * *
You see here an arrow.
The centaur shoots an arrow.
The arrow hits you.
You die...

########............###....###
##8###8#...........c.# ....#
...............####..# ....#
.........####........# ....#
.........####.......(# ....c.
##8###8#....#........# ...)...
## # ###....#.....(..# #.##...
8# #....(........## ##
#....#...@.....# #
#)####.####....... ## #.# #.#
##....#.# 8# #.# .# #..#># #
## #.# .# #...... ########.#
.# #.##.. .........# .# ..
##########


You could see a centaur.

Vanquished Creatures
  2 adders (D:2)
  A dart slug (D:1)
  A leopard gecko (D:2)
  2 giant cockroaches (D:1)
  3 goblins
  7 hobgoblins
  3 jackals (D:1)
  4 bats
  2 frilled lizards (D:1)
  A kobold (D:1)
  A rat (D:1)
27 creatures vanquished.

Notes
Turn   | Place    | Note
-------+----------+-------------------------------------------
     0 | D:1      | Supreme the Gargoyle Earth Elementalist began the quest for the Orb.
     0 | D:1      | Reached XP level 1. HP: 10/10 MP: 3/3
   101 | D:1      | Reached XP level 2. HP: 4/15 MP: 1/5
   102 | D:1      | Reached skill level 4 in Earth Magic
   452 | D:1      | Reached XP level 3. HP: 17/19 MP: 4/6
   456 | D:1      | Learned a level 2 spell: Passwall
   471 | D:1      | Learned a level 3 spell: Stone Arrow
   761 | D:2      | Noticed a centaur
   772 | D:2      | Shot with an arrow by a centaur

Skill      XL: |  1  2 |
---------------+-------+-----
Earth Magic    | 4 |  4.6
Dodging        | |  1.7
Stealth        | |  2.6
Spellcasting   | |  2.7
Transmutations | |  0.7

Action                   || total
-------------------------++-------
Melee: Dagger            ||    89
 Cast: Sandblast         ||    23
       Passwall          ||     1
 Stab: Sleeping          ||     1
Armor: Robe              ||    39
Dodge: Dodged            ||    74
